 Dungeon Crawl Stone Soup version 0.27-a0-61-g21144fbd99 (webtiles) character file.

Game seed: 3148731777479611277

67 robertstho the Chiller (level 4, -3/22 HPs)
             Began as a Vine Stalker Ice Elementalist on Jan 8, 2021.
             Slain by a worker ant (5 damage)
             ... on level 2 of the Dungeon.
             The game lasted 00:02:32 (1913 turns).

robertstho the Chiller (VSIE)                       Turns: 1913, Time: 00:02:32

Health: -3/22      AC:  5    Str: 11    XL:     4   Next: 16%
Magic:  0/8        EV: 12    Int: 16    God:
Gold:   77         SH:  0    Dex: 14    Spells: 7/8 levels left

rFire    . . .     SeeInvis .   j - +1 whip (freeze)
rCold    . . .     Faith    .   (no shield)
rNeg     . . .     Spirit   +   a - +0 robe
rPois    .         Reflect  .   (no helmet)
rElec    .         Harm     .   (no cloak)
rCorr    .         Rampage  .   i - +0 pair of gloves
Will     .....                  h - +1 pair of boots
Stlth    ++........             (no amulet)
HPRegen  0.47/turn              (no ring)
MPRegen  0.11/turn              (no ring)

@: lethally poisoned (-3 -> -6)
A: fangs 2, regeneration 1, magic shield, antimagic bite, no potion heal 3
a: no special abilities


You were on level 2 of the Dungeon.
You visited 1 branch of the dungeon, and saw 2 of its levels.

You collected 77 gold pieces.

Inventory:

Hand Weapons
 d - a +0 short sword
 j - a +1 whip of freezing (weapon)
Missiles
 e - 104 stones (quivered)
Armour
 a - a +0 robe (worn)
 h - a +1 pair of boots (worn)
 i - a +0 pair of gloves (worn)
Jewellery
 l - a cursed ring of attention {unknown}
Wands
 p - a wand of flame (9)
Scrolls
 c - a scroll of random uselessness
 f - a scroll of enchant armour {unknown}
 k - 2 scrolls of remove curse {unknown}
 o - a scroll of magic mapping {unknown}
 q - a scroll of immolation {unknown}
Potions
 b - 2 potions of attraction {unknown}
 g - a potion of curing {unknown}
 m - a potion of degeneration {unknown}
 n - a potion of lignification {unknown}


   Skills:
 * Level 1.0 Fighting
 + Level 0.1 Short Blades
 + Level 0.6 Maces & Flails
 + Level 1.8 Dodging
 * Level 3.5 Stealth
 * Level 2.6 Spellcasting
 + Level 4.3 Ice Magic


You had 7 spell levels left.
You knew the following spells:

 Your Spells              Type           Power        Failure   Level
a - Freeze                Ice            64%          3%          1

Your spell library contained the following spells:

 Spells                   Type           Power        Failure   Level
 Frozen Ramparts          Ice            32%          10%         3
 Ozocubu's Armour         Ice            16%          10%         3
 Hailstorm                Conj/Ice       9%           61%         4
 Summon Ice Beast         Ice/Summ       9%           61%         4


Dungeon Overview and Level Annotations

Branches:
Dungeon (2/15)

Altars:


Innate Abilities, Weirdness & Mutations

You have extremely sharp teeth.
Your natural rate of healing is unusually fast.
When hurt, damage is shared between your health and your magic reserves.
Your bite disrupts and absorbs the magic of your enemies.
Potions cannot restore your health.


Message History

You kill the leopard gecko!
You feel sick. The worker ant barely misses you.
Your Fighting skill increases to level 1!
Casting: Freeze (safe; 3% risk of failure)
Confirm with . or Enter, or press ? or * to list all spells.
Aiming: Freeze (safe; 3% risk of failure)
Press: ? - help, Shift-Dir - straight line, f - worker ant
Aim: a worker ant (heavily wounded)
You freeze the worker ant.
The worker ant is almost dead.
You feel sick. The worker ant bites you!
* * * LOW HITPOINT WARNING * * *
The goblin unwields a +0 dagger.
The goblin wields a +0 hunting sling.
The goblin shoots a sling bullet.
The sling bullet completely misses you.
Casting: Freeze (safe; 3% risk of failure)
Confirm with . or Enter, or press ? or * to list all spells.
You don't have enough magic to cast that spell.
* * * LOW HITPOINT WARNING * * *
You feel sick. The worker ant bites you.
You die...

......##.# .. ##
###...##.###### .#..
'.#......#....###.#.
#.#..#####....##... #
#.....####....##..# .#
........##....##.)# ..
........##....##..#.#.##
.....>..##....##(...g.(.
.........'....'(@†.#...l
.........#....#B#.## ###
.........######.#...
.........# #.#####
..#...#### #.# ###.#.
... ...#. ... .. ##
...⌠. .....


You could see a worker ant and a goblin.

Vanquished Creatures
  An ooze (D:1)
  A worm (D:2)
  A dart slug (D:1)
  A leopard gecko (D:2)
  5 orcs (D:2)
  2 giant cockroaches
  5 goblins
  7 hobgoblins
  3 jackals (D:1)
  12 kobolds
  4 bats
  2 frilled lizards (D:1)
  3 rats
47 creatures vanquished.

Notes
Turn   | Place    | Note
-------+----------+-------------------------------------------
     0 | D:1      | robertstho the Vine Stalker Ice Elementalist began the
                  | quest for the Orb.
     0 | D:1      | Reached XP level 1. HP: 9/9 MP: 4/4
   118 | D:1      | Reached XP level 2. HP: 3/13 MP: 0/6
   980 | D:1      | Reached XP level 3. HP: 17/17 MP: 7/7
  1785 | D:2      | Gained mutation: Your natural rate of healing is unusually
                  | fast. [Vine Stalker growth]
  1785 | D:2      | Reached XP level 4. HP: 9/21 MP: 5/8
  1912 | D:2      | Reached skill level 1 in Fighting
  1913 | D:2      | Slain by a worker ant

Illustrated notes

Levels and vault maps discovered:
D:1:      mrwooster_arrival_arrow, layout_basic, dk_noncrumbling_2,
          minmay_ruptured
D:2:      layout_basic, solitary_fountain, item_on_display_a

Skill      XL: |  1  2  3  4 |
---------------+-------------+-----
Stealth        | 3 |  3.5
Fighting       | 1 |  1.0
Short Blades   | |  0.1
Maces & Flails | |  0.6
Dodging        | |  1.8
Spellcasting   | |  2.6
Ice Magic      | |  4.3

Action                   |  1- 3 |  4- 6 || total
-------------------------+-------+-------++-------
Melee: Unarmed           |     4 |       ||     4
       Short sword       |    30 |       ||    30
       Bite              |    16 |     2 ||    18
       Whip              |    53 |    11 ||    64
Throw: Stone             |     2 |       ||     2
 Cast: Freeze            |    18 |     3 ||    21
  Use: Scroll            |     1 |       ||     1
 Stab: Sleeping          |     7 |     4 ||    11
Armor: Robe              |    26 |     6 ||    32
Dodge: Dodged            |    75 |     4 ||    79

Table legend: (Time is in decaauts)
 A = Elapsed time spent in this place.
 B = Non-inter-level travel time spent in this place.
 C = Inter-level travel time spent in this place.
 D = Time resting spent in this place.
 E = Time spent auto-exploring this place.
 F = Levels seen in this place.
 G = Mean time per level.
                   A        B        C        D        E       F      G
               +--------+--------+--------+--------+--------+-----+--------+
         Total |   1921 |   1900 |     21 |    235 |   1321 |   2 |  960.5 |
       Dungeon |   1921 |   1900 |     21 |    235 |   1321 |   2 |  960.5 |
               +--------+--------+--------+--------+--------+-----+--------+

Top non-repeatable levels by time:
     D:1: 1601 daAuts
     D:2: 319 daAuts
